 Dungeon Crawl Stone Soup version 0.25.1-2-g60ff931df9 (webtiles) character file.

Game seed: 14654201200503944821

191 Chiseanne the Magician (level 5, -3/35 HPs)
             Began as a Demonspawn Wizard on Oct 25, 2020.
             Slain by an orc
             ... wielding a +0 hand axe
              (5 damage)
             ... on level 5 of the Dungeon.
             The game lasted 00:07:20 (3506 turns).

Chiseanne the Magician (Demonspawn Wizard)          Turns: 3506, Time: 00:07:20

Health: -3/35      AC:  3    Str:  5    XL:     5   Next: 42%
Magic:  0/10       EV: 12    Int: 20    God:
Gold:   146        SH:  0    Dex: 12    Spells: 12/13 levels left

rFire    . . .     SeeInvis +   a - +1 short sword
rCold    . . .     Gourm    .   (no shield)
rNeg     . . .     Faith    .   h - +1 robe
rPois    .         Spirit   +   (helmet unavailable)
rElec    .         Reflect  .   (no cloak)
rCorr    .         Harm     .   (no gloves)
MR       .....                  (no boots)
Stlth    ++........             p - amulet of regeneration
HPRegen  0.11/turn              (no ring)
MPRegen  0.12/turn              (no ring)

@: flying (expiring), very slightly contaminated
A: antennae 3, low mp 1, weak 1, magic shield
a: no special abilities


You were on level 5 of the Dungeon.
You were hungry.

You visited 1 branch of the dungeon, and saw 5 of its levels.

You collected 146 gold pieces.

Inventory:

Hand Weapons
 a - a +1 short sword (weapon)
 o - a +0 dagger of venom
 s - a +0 trident
 v - a +0 hunting sling
Missiles
 e - 25 arrows
 l - 32 bolts
 r - 8 poisoned darts (quivered)
 t - 98 stones
 A - 17 sling bullets
Armour
 b - a +1 hat
 h - a +1 robe (worn)
 w - a cursed +0 kite shield
Jewellery
 p - an amulet of regeneration (around neck)
 B - an uncursed ring of positive energy
Scrolls
 c - a scroll of remove curse
Potions
 i - a potion of lignification
 k - 3 potions of brilliance
 u - 2 potions of curing {unknown}
Comestibles
 d - 7 rations


   Skills:
 - Level 1.7 Dodging
 - Level 1.7 Stealth
 * Level 4.5 Spellcasting
 * Level 3.8 Conjurations
   Level 1.0 Summonings
   Level 0.8 Translocations


You had 12 spell levels left.
You knew the following spells:

 Your Spells              Type           Power        Failure   Level  Hunger
a - Magic Dart            Conj           ###.         2%          1    None

Your spell library contained the following spells:

 Spells                   Type           Power        Failure   Level  Hunger
 Call Imp                 Summ           #.......     12%         2    #......
 Blink                    Tloc           N/A          13%         2    #......
 Conjure Flame            Conj/Fire      ##......     17%         3    ##.....
 Slow                     Hex            #.......     19%         2    #......
 Mephitic Cloud           Conj/Pois/Air  #.......     22%         3    ##.....


Dungeon Overview and Level Annotations

Branches:
Dungeon (6/15)
 Temple: D:4-7

Altars:
Okawaru


Innate Abilities, Weirdness & Mutations

You have a pair of large antennae on your head. (SInv)
When hurt, damage is shared between your health and your magic reserves.
Your magical capacity is low. (-10% MP)
You are weak. (Str -2)


Message History

There is a stone staircase leading down, spattered with blood here.
Found a robe and 13 gold pieces.
There is an open door here.
You hit the adder skeleton.
The adder skeleton is moderately damaged.
The adder skeleton bites you but does no damage.
You barely miss the adder skeleton.
The adder skeleton is moderately damaged.
The adder skeleton bites you.
* * * LOW HITPOINT WARNING * * *
The orc wizard casts a spell.
The orc wizard blinks!
The orc hits you with a +0 hand axe.
* * * LOW HITPOINT WARNING * * *
The adder skeleton bites you.
* * * LOW HITPOINT WARNING * * *
You are starting to lose your buoyancy.
There is a stone staircase leading down here.
The adder skeleton misses you. The orc hits you with a +0 hand axe.
You die...

.................#
.....
............###+##
.... ..†.....{...#
... ##.####.>.###
## #########'#.+ {
...........#
...........#
...........###+###
.[............Z@.#
..............o..#
.$...............#
#..###..####+##.##
### ##+# #.# #..
#... +....


You could see an orc and an adder skeleton.

Vanquished Creatures
  A quasit (D:5)
  A jelly (D:5)
  An orc wizard (D:6)
  A worker ant (D:6)
  2 adders
  An ooze (D:1)
  2 worms (D:2)
  A dart slug (D:1)
  A leopard gecko (D:1)
  4 orcs
  2 giant cockroaches
  8 goblins
  3 hobgoblins
  3 kobolds (D:1)
  A quokka (D:3)
  5 bats
  3 frilled lizards
  A giant cockroach zombie (D:5)
  11 rats
52 creatures vanquished.

Notes
Turn   | Place    | Note
-------+----------+-------------------------------------------
     0 | D:1      | Chiseanne the Demonspawn Wizard began the quest for the
                  | Orb.
     0 | D:1      | Reached XP level 1. HP: 13/13 MP: 4/4
   428 | D:1      | Gained mutation: When hurt, damage is shared between your
                  | health and your magic reserves. [demonic ancestry]
   428 | D:1      | Reached XP level 2. HP: 11/19 MP: 1/6
   760 | D:1      | Found an iron altar of Okawaru.
  1619 | D:2      | Gained mutation: You have a pair of small antennae on your
                  | head. [demonic ancestry]
  1619 | D:2      | Reached XP level 3. HP: 24/24 MP: 4/8
  1784 | D:2      | Found a faded altar of an unknown god.
  2747 | D:3      | Gained mutation: You have a pair of antennae on your head.
                  | [demonic ancestry]
  2747 | D:3      | Reached XP level 4. HP: 17/30 MP: 0/9
  2968 | D:3      | You fall into a shaft and drop 2 floors!
  2968 | D:5      | Entered Level 5 of the Dungeon
  3171 | D:5      | Reached skill level 4 in Spellcasting
  3442 | D:6      | Reached XP level 5. HP: 11/35 MP: 0/11
  3487 | D:6      | Gained mutation: You are weak. (Str -2) [potion of
                  | mutation]
  3487 | D:6      | Gained mutation: Your magical capacity is low. (-10% MP)
                  | [potion of mutation]
  3487 | D:6      | Gained mutation: You have a pair of large antennae on your
                  | head. (SInv) [potion of mutation]
  3489 | D:6      | Noticed a phantom
  3502 | D:5      | HP: 1/35 [adder skeleton (1)]
  3506 | D:5      | Slain by an orc

Illustrated notes

Levels and vault maps discovered:
D:1:      zelgadis_glass_arrival_small, layout_basic, okawaru_ov_weapons_minmay
D:2:      layout_basic, first_ration, chequers_ecumenical_altar_simple_redux
D:3:      layout_loops_ring, tso_oasis_becter,
          gammafunk_temple_overflow_forgotten, uniq_jessica, uniq_robin
D:5:      lemuel_ratsnest, layout_gridville, minmay_temple_entry_glassed_door,
          corexii_leaking_fountain
D:6:      layout_loops_ring, fedhas_altar_4

Skill      XL: |  1  2  3  4 |
---------------+-------------+-----
Conjurations   | 2 3 |  3.8
Spellcasting   | 4 |  4.5
Dodging        | |  1.7
Stealth        | |  1.7
Summonings     | |  1.0
Translocations | |  0.8

Action                   |  1- 3 |  4- 6 || total
-------------------------+-------+-------++-------
Melee: Short sword       |    33 |    21 ||    54
       Trident           |       |    18 ||    18
Throw: Dart              |       |    17 ||    17
 Cast: Magic Dart        |    99 |    40 ||   139
  Use: Scroll            |     6 |     6 ||    12
       Potion            |       |     7 ||     7
  Eat: Chunk             |     5 |     2 ||     7
Armor: Robe              |    10 |    31 ||    41
       Skin              |       |    23 ||    23
Dodge: Dodged            |    18 |    57 ||    75
